 Dungeon Crawl Stone Soup version 0.30-a0-58-gc0703345a7 (webtiles) character file.

Game seed: 16139167636813390974

29651 KittyKat the Carver (level 13, -28/101 HPs)
             Began as a Demonspawn Necromancer on Sept 11, 2022.
             Was an Elder of Kikubaaqudgha.
             Annihilated by a death yak simulacrum (38 damage)
             ... on level 5 of the Lair of Beasts.
             The game lasted 01:34:47 (17877 turns).

KittyKat the Carver (Demonspawn Necromancer)       Turns: 17877, Time: 01:34:48

Health: -28/101    AC:  9    Str: 10    XL:     13   Next: 16%
Magic:  0/32       EV: 12    Int: 21    God:    Kikubaaqudgha [****..]
Gold:   611        SH:  6    Dex: 19    Spells: 6/25 levels left

rFire   + . .      SeeInvis .    y - +0 long sword (drain)
rCold   . . .      Faith    .    (no shield)
rNeg    + + +      Spirit   +    A - +0 steam dragon scales
rPois   +          Reflect  .    w - +0 helmet
rElec   .          Harm     .    (no cloak)
rCorr   .          Rampage  .    q - +0 pair of gloves
Will    .....                    (no boots)
Stlth   ++........               (no amulet)
HPRegen 0.26/turn                s - ring of magical power
MPRegen 0.46/turn                K - ring "Ceget" {rPois rF+ rN+++ Will- Dex+6}

@: wereblooded, animating dead
A: large bone plates 2, powered by death 1, magic shield, magic regeneration,
demonic touch 2
a: Renounce Religion, Unearth Wretches


You were on level 5 of the Lair of Beasts.
You worshipped Kikubaaqudgha.
Kikubaaqudgha was greatly pleased with you.
You visited 3 branches of the dungeon, and saw 17 of its levels.
You also visited: Ossuary.

You collected 611 gold pieces.

Inventory:

Hand Weapons
 y - a +0 long sword of draining (weapon)
Missiles
 f - 2 throwing nets
Armour
 q - a +0 pair of gloves (worn)
 w - a +0 helmet (worn)
 z - +1 acid dragon scales
 A - +0 steam dragon scales (worn)
 E - a +0 scale mail of fire resistance
Jewellery
 b - a ring of protection from cold
 d - a ring of willpower
 e - an amulet of guardian spirit
 m - a +4 ring of protection
 o - a ring of ice
 p - an amulet of the acrobat
 s - a ring of magical power (left hand)
 C - a +4 ring of slaying
 K - the ring "Ceget" (right hand) {rPois rF+ rN+++ Will- Dex+6}
   (You found it on level 1 of the Lair of Beasts)

   [ring of dexterity]

   Dex:       It affects your dexterity (+6).
   rF:        It protects you from fire.
   rPois:     It protects you from poison.
   rN:        It renders you almost immune to negative energy.
   Will:      It decreases your willpower.
Wands
 u - a wand of flame (39)
 F - a wand of roots (8)
 O - a wand of mindburst (5)
 Q - a wand of charming (1)
 T - a wand of light (7)
Scrolls
 a - 2 scrolls of magic mapping {unknown}
 c - a scroll of enchant weapon {unknown}
 g - 5 scrolls of poison
 j - 2 scrolls of fear {unknown}
 l - a scroll of butterflies
 n - a scroll of summoning {unknown}
 r - 2 scrolls of silence
 x - a scroll of amnesia {unknown}
 B - 2 scrolls of acquirement {unknown}
 D - 5 scrolls of identify
 H - 5 scrolls of teleportation
 L - 2 scrolls of immolation {unknown}
 N - 2 scrolls of blinking {unknown}
 U - a scroll of brand weapon {unknown}
Potions
 h - 3 potions of attraction
 i - a potion of haste {unknown}
 k - 6 potions of brilliance
 t - 2 potions of mutation
 v - a potion of curing
 G - 2 potions of might
 J - a potion of resistance {unknown}
 P - a potion of ambrosia {unknown}
 R - a potion of invisibility {unknown}
 S - a potion of flight {unknown}
 V - a potion of magic
Miscellaneous
 I - a lightning rod (4/4)


   Skills:
 + Level 9.1 Fighting
 * Level 11.7 Long Blades
 + Level 9.3 Armour
 - Level 1.7 Dodging
 - Level 1.7 Stealth
 - Level 0.2 Unarmed Combat
 - Level 6.7 Spellcasting
 - Level 11.6 Necromancy
 - Level 4.5 Transmutations


You had 6 spell levels left.
You knew the following spells:

 Your Spells              Type           Power      Damage    Failure   Level
a - Necrotise             Necr           100%       1d9       1%          1
b - Vampiric Draining     Necr           54%        2d9       1%          3
c - Agony                 Necr           54%        N/A       2%          5
d - Animate Dead          Necr           54%        N/A       1%          4
e - Wereblood             Tmut           26%        N/A       2%          2
f - Anguish               Hex/Necr       15%        N/A       9%          4

Your spell library contained the following spells:

 Spells                   Type           Power      Damage    Failure   Level
 Sublimation of Blood     Necr           54%        N/A       1%          2
 Dispel Undead            Necr           54%        3d20      1%          4
 Apportation              Tloc           14%        N/A       9%          1
 Shock                    Conj/Air       28%        1d4       9%          1
 Summon Small Mammal      Summ           28%        N/A       9%          1
 Death Channel            Necr           27%        N/A       12%         6
 Ignite Poison            Fire/Tmut/Pois 13%        N/A       14%         3
 Corpse Rot               Necr/Pois/Air  23%        N/A       19%         4
 Conjure Flame            Conj/Fire      7%         6-21      26%         3
 Portal Projectile        Hex/Tloc       14%        N/A       26%         3
 Swiftness                Air            7%         N/A       26%         3
 Tukima's Dance           Hex            7%         N/A       26%         3
 Blade Hands              Tmut           13%        N/A       36%         5
 Airstrike                Air            3%         2d(1-17)  65%         4
 Sticky Flame             Conj/Fire      7%         2d3       65%         4
 Simulacrum               Ice/Necr       15%        N/A       78%         6
 Iskenderun's Battlesphe  Conj           7%         2d6       94%         5
 Iron Shot                Conj/Erth      3%         9d2       100%        6
 Enfeeble                 Hex            3%         N/A       100%        7
 Malign Gateway           Summ/Tloc      3%         N/A       100%        7
 Spellforged Servitor     Conj/Summ      3%         N/A       100%        7
 Summon Hydra             Summ           3%         N/A       100%        7
 Summon Horrible Things   Summ           3%         N/A       100%        8


Dungeon Overview and Level Annotations

Branches:
Dungeon (11/15)            Temple (1/1) D:5            Lair (5/5) D:11
  Swamp (0/4) Lair:2          Orc (0/2) D:10        Ossuary (visited)
  Snake: Lair:2-3    Spider: Lair:2-3     Slime: Lair:4-5

Altars:
Ashenzari
Cheibriados
Dithmenos
Fedhas
Gozag
Hepliaklqana
Kikubaaqudgha
Makhleb
Okawaru
Qazlal
Ru
Sif Muna
Uskayaw
Vehumet
Wu Jian
Xom
Yredelemnul

Shops:
D:10 :

Annotations:
D:3 Grinder, Natasha
D:8 1 transporter


Innate Abilities, Weirdness & Mutations

You are mostly covered in large bone plates. (SH +6)
You regenerate a little health from kills.
When hurt, damage is shared between your health and your magic reserves.
You regenerate magic rapidly.
Your touch may inflict irresistible damage on your foes.


Message History

Found 23 gold pieces.
Casting: Animate Dead (mildly dangerous; 1% risk of failure)
Confirm with . or Enter, or press ? or * to list all spells.
Your blood is infused with primal strength.
Casting: Wereblood (safe; 2% risk of failure)
Confirm with . or Enter, or press ? or * to list all spells.
You dismiss your zombies and call upon the dead to rise afresh.
Your black mamba zombie crumbles into dust!
Your water moccasin zombie crumbles into dust! x2
The death yak simulacrum barely misses you.
You hit the death yak simulacrum but do no damage.
The death yak simulacrum gores you but does no damage.
You hit the death yak simulacrum.
The death yak simulacrum is lightly damaged.
You slash the death yak simulacrum!
The death yak simulacrum is heavily damaged.
You block the cane toad simulacrum's attack.
The death yak simulacrum gores you! The death yak simulacrum freezes you!!
You hit the death yak simulacrum.
You touch the death yak simulacrum!
You punch the death yak simulacrum.
The death yak simulacrum is severely damaged.
The cane toad simulacrum barely misses you.
The death yak simulacrum gores you but does no damage.
The death yak simulacrum gores you. The death yak simulacrum freezes you!!
The cane toad simulacrum attacks as you move away!
The cane toad simulacrum closely misses you.
Unknown command.
The cane toad simulacrum attacks as you move away!
The cane toad simulacrum hits you! The cane toad simulacrum freezes you!
* * * LOW HITPOINT WARNING * * *
The cane toad simulacrum attacks as you move away!
The cane toad simulacrum hits you.
* * * LOW HITPOINT WARNING * * *
The cane toad simulacrum freezes you!
* * * LOW HITPOINT WARNING * * *
You feel better. The death yak simulacrum gores you!
* * * LOW HITPOINT WARNING * * *
The death yak simulacrum freezes you!!!
You die...
Kikubaaqudgha rasps: "You have failed me!
Welcome... death!"

##..... ........$### .......
...........#
.$......#..........####
........#.............###
.......#..............#.###
..Z.....#...............PP##
.......#........รท..........#
........[ZZ....<............
.........ZZ@................
#P........Z.................
#.........##.............##
........P.#P.........#.#.#
.......P######..#.....#####
##P....## ###.#......#.#
#..... ####......## #.....
#...)...# ##......#


You could see 2 death yak simulacra, an elephant simulacrum and 2 cane toad
simulacra.

Vanquished Creatures
  A catoblepas (Lair:4)
  4 two-headed ogres
  A fire crab (Lair:4)
  A swamp dragon (Lair:2)
  A lindwurm (Lair:4)
  A manticore (D:11)
  An elephant (Lair:4)
  6 cane toads
  4 black mambas
  A gargoyle (D:10)
  5 komodo dragons
  Maggie (D:7)
  A troll (D:9)
  2 polar bears
  3 blink frogs
  3 dream sheep (Lair:3)
  2 wraiths
  3 wyverns
  A shadow (D:11)
  26 yaks
  A basilisk (D:11)
  2 steam dragons (D:8)
  Menkaure (D:6)
  An acid dragon (D:11)
  14 water moccasins
  Duvessa (D:6)
  5 orc warriors
  A sky beast (D:6)
  2 black bears (D:11)
  6 ogres
  8 wolves
  6 centaurs
  A phantom (D:6)
  2 kobold brigands
  A necrophage (D:6)
  6 gnoll sergeants
  8 bullfrogs
  4 scorpions
  Dowan (D:6)
  13 killer bees
  2 electric eels (Lair:4)
  4 howler monkeys
  A lava snake (D:11)
  6 orc priests
  3 hounds
  A jelly (D:7)
  4 iguanas
  Ijyb (D:5)
  Natasha (twice) (D:3)
  8 orc wizards
  A mummy (D:6)
  15 gnolls
  6 adders
  2 shadow imps
  A white imp (D:6)
  An ufetubus (D:6)
  2 dart slugs
  32 orcs
  5 ball pythons
  7 bats
  6 endoplasms
  3 giant cockroaches
  4 goblins
  8 hobgoblins
  14 kobolds
  3 quokkas (D:1)
  2 frilled lizards (D:1)
  5 rats
301 creatures vanquished.

Vanquished Creatures (collateral kills)
  2 hydras
  A black mamba (Lair:4)
  2 cane toads (Lair:4)
  A komodo dragon (Lair:4)
  3 blink frogs
  A dream sheep (Lair:3)
  4 yaks
  A wyvern (Lair:4)
  A basilisk (D:11)
  3 water moccasins
  2 black bears
  3 wolves (Lair:4)
  A kobold brigand (D:10)
  4 bullfrogs
  An orc wizard (D:11)
  2 gnolls
  A dart slug (D:4)
  3 orcs
  A giant cockroach (D:1)
  2 goblins (D:1)
  A ball python (D:2)
  2 bats (D:1)
42 creatures vanquished.

Vanquished Creatures (others)
  A hydra (Lair:4)
  A slime creature (D:10)
  A water moccasin (D:10)
  3 cane toad zombies (Lair:4)
  An elephant zombie (Lair:4)
  A lindwurm zombie (Lair:4)
  A bullfrog (Lair:2)
  2 wyvern zombies
  2 water moccasin zombies
  8 yak zombies
  8 wolf zombies
  3 bullfrog zombies
  A black bear zombie (D:11)
  A basilisk zombie (D:11)
  A scorpion zombie (D:11)
  An orc wizard (D:9)
  A kobold zombie (D:10)
  An ogre zombie (D:10)
  An acid dragon zombie (D:11)
  2 howler monkey zombies (D:10)
  An adder (D:9)
  7 orc zombies
  A gnoll zombie (D:10)
  A ball python zombie (D:10)
  A dart slug zombie (D:10)
  15 fungi
  117 plants
184 creatures vanquished.

Grand Total: 527 creatures vanquished

Notes
Turn   | Place    | Note
-------+----------+-------------------------------------------
     0 | D:1      | KittyKat the Demonspawn Necromancer began the quest for the
                  | Orb.
     0 | D:1      | Reached XP level 1. HP: 13/13 MP: 3/3
   350 | D:1      | Gained mutation: You regenerate magic rapidly. [demonic
                  | ancestry]
   350 | D:1      | Reached XP level 2. HP: 19/19 MP: 1/5
   455 | D:1      | Reached skill level 5 in Necromancy
   560 | D:1      | Reached XP level 3. HP: 22/24 MP: 2/6
   970 | D:2      | Found a shadowy altar of Dithmenos.
  1008 | D:2      | Learned a level 3 spell: Vampiric Draining
  1017 | D:2      | Found Assanara's Book Emporium.
  1365 | D:2      | Found a faded altar of an unknown god.
  1560 | D:3      | Noticed Grinder
  1561 | D:3      | Paralysed by Grinder for 4 turns
  1810 | D:3      | Noticed a scorpion
  1811 | D:3      | Reached XP level 4. HP: 30/30 MP: 5/7
  1824 | D:3      | Killed a scorpion
  1930 | D:3      | Noticed Natasha
  1943 | D:3      | Gained mutation: Your touch may inflict minor irresistible
                  | damage on your foes. [demonic ancestry]
  1943 | D:3      | Reached XP level 5. HP: 28/35 MP: 9/9
  2233 | D:3      | Found a blossoming altar of Fedhas.
  2291 | D:3      | Reached skill level 1 in Armour
  2335 | D:3      | Killed Natasha
  2371 | D:3      | Noticed Natasha
  2376 | D:3      | Killed Natasha
  2413 | D:3      | Reached XP level 6. HP: 23/41 MP: 11/11
  2594 | D:3      | Noticed Natasha
  2868 | D:5      | Entered Level 5 of the Dungeon
  2885 | D:5      | Noticed Ijyb
  2892 | D:5      | Killed Ijyb
  2988 | D:5      | Gained mutation: You are partially covered in large bone
                  | plates. (SH +4) [demonic ancestry]
  2988 | D:5      | Reached XP level 7. HP: 27/46 MP: 8/13
  3301 | D:5      | Learned a level 5 spell: Agony
  3404 | D:5      | Reached skill level 1 in Fighting
  3404 | D:5      | Reached skill level 1 in Long Blades
  3560 | D:5      | Found a staircase to the Ecumenical Temple.
  3576 | Temple   | Entered the Ecumenical Temple
  3740 | D:5      | Reached XP level 8. HP: 28/54 MP: 15/15
  4223 | D:6      | Found a sand-covered staircase.
  4235 | Ossuary  | Entered an ossuary
  4411 | D:5      | Learned a level 4 spell: Animate Dead
  4682 | D:6      | Found a shadowy altar of Dithmenos.
  4962 | D:6      | Noticed Duvessa
  4962 | D:6      | Noticed Dowan
  4963 | D:6      | Noticed Menkaure
  5371 | D:6      | Found a hide-covered altar of Uskayaw.
  5729 | D:5      | Learned a level 2 spell: Wereblood
  5753 | D:6      | Killed Menkaure
  5754 | D:6      | Reached skill level 1 in Transmutations
  5776 | D:6      | Killed Duvessa
  5779 | D:6      | Killed Dowan
  5780 | D:6      | Gained mutation: You are mostly covered in large bone
                  | plates. (SH +6) [demonic ancestry]
  5780 | D:6      | Reached XP level 9. HP: 53/64 MP: 4/16
  5848 | D:7      | Found a stormy altar of Qazlal.
  6554 | Temple   | Became a worshipper of Kikubaaqudgha
  7093 | D:7      | Found an ornate altar of the Wu Jian Council.
  7140 | D:7      | Found a shimmering blue altar of Sif Muna.
  7292 | D:7      | Noticed Maggie
  7299 | D:7      | Killed Maggie
  7300 | D:7      | Reached skill level 5 in Armour
  7653 | D:8      | Reached skill level 5 in Spellcasting
  7788 | D:8      | Found a hazy altar of Hepliaklqana.
  7800 | D:8      | Found a basalt altar of Yredelemnul.
  7949 | D:8      | Found a transporter.
  8412 | D:9      | Reached * piety under Kikubaaqudgha
  8412 | D:9      | Received a gift from Kikubaaqudgha
  8541 | D:9      | Noticed a two-headed ogre
  8550 | D:9      | Killed a two-headed ogre
  8551 | D:9      | Reached skill level 10 in Necromancy
  8551 | D:9      | Gained mutation: Your touch may inflict irresistible damage
                  | on your foes. [demonic ancestry]
  8551 | D:9      | Reached XP level 10. HP: 61/70 MP: 13/18
  8756 | D:9      | Found a sacrificial altar of Ru.
  8761 | D:9      | Noticed a two-headed ogre
  8775 | D:9      | Killed a two-headed ogre
  8980 | D:10     | Entered Level 10 of the Dungeon
  9327 | D:10     | Found Xocixero's Self-Improvement Boutique.
  9357 | D:10     | Found a staircase to the Orcish Mines.
  9908 | D:10     | Reached skill level 5 in Long Blades
  9932 | D:9      | Reached ** piety under Kikubaaqudgha
 10196 | D:10     | Noticed a gargoyle
 10598 | D:9      | Found a snail-covered altar of Cheibriados.
 10702 | D:10     | Found a broken altar of Ashenzari.
 11013 | D:11     | Noticed a two-headed ogre
 11014 | D:11     | Noticed a seven-headed hydra
 11070 | D:11     | Noticed a manticore
 11378 | D:10     | Killed a gargoyle
 11379 | D:10     | Gained mutation: When hurt, damage is shared between your
                  | health and your magic reserves. [demonic ancestry]
 11379 | D:10     | Reached XP level 11. HP: 53/78 MP: 21/21
 11848 | D:11     | Reached skill level 5 in Fighting
 12197 | D:11     | Killed a seven-headed hydra
 12412 | D:10     | Learned a level 4 spell: Anguish
 12423 | D:10     | Found a burning altar of Makhleb.
 12815 | D:11     | Found a staircase to the Lair.
 13022 | D:11     | Killed a two-headed ogre
 13152 | D:11     | Noticed a two-headed ogre
 13161 | D:11     | Killed a two-headed ogre
 13567 | Lair:1   | Entered Level 1 of the Lair of Beasts
 13670 | Lair:1   | Identified the ring "Ceget" {rPois rF+ rN+++ Will- Dex+6}
 14704 | Lair:2   | Reached *** piety under Kikubaaqudgha
 14704 | Lair:2   | Received a gift from Kikubaaqudgha
 14716 | Lair:2   | Gained mutation: You regenerate a little health from kills.
                  | [demonic ancestry]
 14716 | Lair:2   | Reached XP level 12. HP: 88/89 MP: 22/22
 14862 | Lair:2   | Found a staircase to the Swamp.
 15083 | Lair:3   | You fall into a shaft and drop 1 floor!
 15084 | Lair:4   | Noticed an eight-headed hydra
 15096 | Lair:4   | Reached skill level 10 in Long Blades
 15118 | Lair:4   | Noticed a six-headed hydra
 15135 | Lair:4   | Killed a six-headed hydra
 15534 | Lair:4   | Noticed a catoblepas
 15630 | Lair:4   | Killed an eight-headed hydra
 16092 | Lair:4   | Reached **** piety under Kikubaaqudgha
 16272 | Lair:4   | Killed a catoblepas
 16966 | Lair:3   | Reached XP level 13. HP: 99/99 MP: 23/23
 17036 | Lair:5   | Entered Level 5 of the Lair of Beasts
 17877 | Lair:5   | Annihilated by a death yak simulacrum

Illustrated notes

Levels and vault maps discovered:
D:1:      dpeg_arrival_tiny_h, layout_rooms, kennysheep_nondescript
D:2:      layout_basic, basic_altar, hellmonk_ecumenical_altar_heavens_door,
          serial_shops, nicolae_shop_crystal, roderic_malta_cross,
          mrwooster_statue_mirror
D:3:      layout_basic, mainiacjoe_overflow_small_starburst, grunt_ministairs_2,
          amcnicky_mini_rare_corridor_liquid, uniq_grinder, uniq_natasha
D:4:      layout_basic, mainiacjoe_overflow_boulevard, minivault_14,
          serial_park_tiny_pond, minmay_joined_circles
D:5:      nicolae_cairo_tiling_very_big, layout_loops_cross,
          minmay_temple_entry_large_hall, uniq_ijyb
D:6:      layout_cave_pools, grunt_dithmenos_shadows, old_standard_altar,
          nicolae_uskayaw_suspiria, gup_ossuary_entry_pyramid, minmay_ruffians,
          uniq_duvessa, uniq_crazy_yiuf_cottage, uniq_menkaure
D:7:      layout_basic, grunt_qazlal_clouds, pdpol_wu_jian_five_deadly_venoms,
          lemuel_blue_sif_altar, serial_curves, eino_curves_01, eino_curves_01,
          uniq_maggie
D:8:      layout_basic, minmay_overflow_temple_star_quad, nicolae_diode_basic
D:9:      layout_stronghold, kennysheep_little_box, hangedman_ru_absence
D:10:     layout_basic, demons_altar, mainiacjoe_overflow_catch_the_wave,
          kennysheep_orc_monster_closet_entryway, nicolae_shop_self_help
D:11:     layout_roguey, minmay_lair_entry_grove, serial_shops, bzr_entry_road,
          kennysheep_cross_room, minmay_stone_trees_medium
Temple:   nicolae_temple_bog_church
Lair:1:   layout_long_grid
Lair:2:   layout_chaotic_city, minmay_swamp_entry_reptiles, lemuel_fruit_tree
Lair:3:   layout_loops_ring, dummy_snake_entry
Lair:4:   nzn_winding_woodlands_three_and_one
          [nzn_winding_woodlands_5x15_lazy_stream,
          nzn_winding_woodlands_5x15_concentric,
          nzn_winding_woodlands_5x15_crooked,
          nzn_winding_woodlands_center_triple_pond], layout_gridlike,
          serial_forest, infiniplex_forest_zigzag_1,
          infiniplex_forest_lined_ring, infiniplex_forest_lined_2,
          infiniplex_forest_lined_room_2, infiniplex_forest_end_1,
          infiniplex_forest_clump_double, infiniplex_forest_3_way,
          chequers_serial_rivers_micro_e, infiniplex_staircase_pool
Lair:5:   guppyfry_lair_end_dragon, layout_cave_pods,
          hangedman_lair_tendril_chambers, slime_entry_1,
          portal_ice_cave_entry_ice_simulacra

Skill      XL: |  1  2  3  4  5  6  7  8  9 10 11 12 13 |
---------------+----------------------------------------+-----
Necromancy     | 5 6 7 8 10 11 | 11.6
Spellcasting   | 3 4 5 6 |  6.7
Armour         | 1 2 4 5 6 7 9 |  9.3
Fighting       | 1 3 4 6 8 9 |  9.1
Long Blades    | 1 4 6 9 11 | 11.7
Transmutations | 2 4 |  4.5
Dodging        | |  1.7
Stealth        | |  1.7
Unarmed Combat | |  0.2

Action                   |  1- 3 |  4- 6 |  7- 9 | 10-12 | 13-15 || total
-------------------------+-------+-------+-------+-------+-------++-------
Melee: Unarmed           |     5 |     1 |       |       |       ||     6
       Falchion          |       |       |    69 |       |       ||    69
       Touch             |       |       |    27 |   102 |    24 ||   153
       Long sword        |       |       |    63 |   491 |    74 ||   628
       Punch             |       |       |     2 |     6 |     1 ||     9
 Cast: Necrotise         |    73 |    72 |   116 |    79 |     3 ||   343
       Vampiric Draining |     1 |    17 |    55 |    53 |     5 ||   131
       Agony             |       |       |     4 |    20 |       ||    24
       Animate Dead      |       |       |     1 |    30 |     4 ||    35
       Wereblood         |       |       |     1 |    27 |     5 ||    33
       Anguish           |       |       |       |     4 |       ||     4
Invok: Unearth Wretches  |       |       |     1 |     1 |       ||     2
Evoke: Wand              |       |       |       |     2 |       ||     2
  Use: Potion            |       |     1 |     2 |     7 |     2 ||    12
       Scroll            |       |       |     6 |     5 |     1 ||    12
 Stab: Paralysed         |       |       |     1 |       |       ||     1
       Distracted        |       |       |       |     1 |       ||     1
Armor: Robe              |     8 |       |       |       |       ||     8
       Leather armour    |     2 |    17 |    75 |       |       ||    94
       Steam dragon scal |       |       |    25 |   234 |    34 ||   293
       Acid dragon scale |       |       |    15 |       |       ||    15
Dodge: Dodged            |    22 |    37 |   133 |   368 |    72 ||   632
Block: Other             |       |       |    73 |   201 |    30 ||   304

Table legend: (Time is in decaauts)
 A = Elapsed time spent in this place.
 B = Non-inter-level travel time spent in this place.
 C = Inter-level travel time spent in this place.
 D = Time resting spent in this place.
 E = Time spent auto-exploring this place.
 F = Levels seen in this place.
 G = Mean time per level.
                   A        B        C        D        E       F      G
               +--------+--------+--------+--------+--------+-----+--------+
         Total |  17958 |  17789 |    169 |   6606 |   1315 |  18 |  997.7 |
       Dungeon |  13365 |  13196 |    169 |   4518 |   1170 |  11 | 1215.0 |
        Temple |    297 |    297 |      0 |    100 |     50 |   1 |  297.0 |
          Lair |   4284 |   4284 |      0 |   1988 |     95 |   5 |  856.8 |
       Ossuary |     10 |     10 |      0 |      0 |      0 |   1 |   10.0 |
               +--------+--------+--------+--------+--------+-----+--------+

Top non-repeatable levels by time:
     D:5: 2310 daAuts
  Lair:4: 2222 daAuts
    D:10: 1975 daAuts
     D:9: 1648 daAuts
    D:11: 1647 daAuts
     D:6: 1037 daAuts
     D:2: 1031 daAuts
     D:7: 956 daAuts
  Lair:1: 949 daAuts
     D:1: 915 daAuts
     D:8: 914 daAuts
     D:3: 703 daAuts
  Lair:2: 505 daAuts
  Lair:5: 319 daAuts
  Temple: 297 daAuts
